 Dungeon Crawl Stone Soup version 0.30.0 (webtiles) character file.

Game seed: 8209553754352580220

429 workbot the Shooter (level 6, 0/56 HPs)
             Began as a Minotaur Hunter on May 6, 2023.
             Was a Believer of Makhleb.
             Slain by an angel
             ... wielding a +1 sacred scourge of holy wrath
              (18 damage)
             ... on level 2 of the Abyss.
             The game lasted 00:11:55 (3067 turns).

workbot the Shooter (Minotaur Hunter)               Turns: 3067, Time: 00:11:57

Health: 0/56       AC:  9    Str: 15 (16) XL:     6   Next: 66%
Magic:  5/5        EV:  7    Int:  6      God:    Makhleb [**....]
Gold:   196        SH:  0    Dex: 15      Spells: 5/5 levels left

rFire   . . .        a - +1 shortbow
rCold   . . .        (shield currently unavailable)
rNeg    . . .        b - +0 chain mail
rPois   .            (helmet restricted)
rElec   .            (no cloak)
rCorr   .            g - +0 pair of gloves
SInv    .            (no boots)
Will    .....        c - amulet of magic regeneration Stlth
                     (no ring)
HPRegen 0.29/turn    (no ring)
MPRegen 0.49/turn

%: no passive effects
@: glowing
A: horns 2, retaliatory headbutt, [deterioration 2], [no potion heal 2]
a: Renounce Religion, Minor Destruction


You were on level 2 of the Abyss.
You worshipped Makhleb.
Makhleb was pleased with you.
You visited 1 branch of the dungeon, and saw 5 of its levels.
You visited the Abyss 1 time.

You collected 196 gold pieces.

Inventory:

Hand Weapons
 a - a +1 shortbow (weapon)
Armour
 b - a +0 chain mail (worn)
 g - a +0 pair of gloves (worn)
Jewellery
 c - an amulet of magic regeneration (around neck)
Wands
 e - a wand of roots (11)
Scrolls
 f - a scroll of fog
 j - a scroll of silence
Potions
 d - 2 potions of flight
 h - a potion of might
 i - a potion of heal wounds
 k - a potion of curing


   Skills:
 + Level 5.3 Fighting
 * Level 7.6 Ranged Weapons
 - Level 2.1 Dodging
 - Level 0.7 Stealth


You had 5 spell levels left.
You didn't know any spells.
Your spell library contained the following spells:

 Spells                   Type           Power      Damage    Failure   Level
 Apportation              Tloc           0%         N/A       100%        1
 Alistair's Intoxication  Tmut/Pois      0%         N/A       100%        5


Dungeon Overview and Level Annotations

Branches:
Dungeon (5/15)
 Temple: D:4-7

Altars:
Makhleb


Innate Abilities, Weirdness & Mutations

You have a pair of horns on your head.
You reflexively headbutt those who attack you in melee.
[Your body often deteriorates upon taking damage.]
[Potions cannot restore your health.]


Message History

An orc comes into view.
It is wielding a +1 short sword of distortion.
The worm bites you!
You shoot an arrow. The arrow barely misses the worm.
The worm bites you but does no damage.
You shoot an arrow. The arrow hits the worm.
The worm is heavily wounded.
The worm bites you.
You shoot an arrow. The arrow completely misses the worm.
The orc hits you but does no damage.
You are cast into the Abyss!
This branch contains the abyssal rune of Zot.
HP restored.
Found a gateway leading deeper into the Abyss.
A wretched star comes into view.
The wretched star pulses with an eldritch light!
Your system partially rejects the healing effects of potions.
Your system completely rejects the healing effects of potions.
You shoot an arrow.
The arrow closely misses the wretched star.
The wretched star glows turbulently.
The lance of force hits you!
You are knocked back by the lance of force.
You slam into the stone wall!
Found a gateway leading deeper into the Abyss.
There is a gateway leading deeper into the Abyss here.
The wretched star pulses with an eldritch light!
You feel yourself wasting away.
You feel your body start to fall apart.
You plunge deeper into the Abyss.
You start resting.
You can no longer summon a lesser servant of Makhleb.
You start resting.
An angel comes into view.
It is wielding a +1 sacred scourge of holy wrath.
The angel shouts!
The angel attacks as you move away!
The angel hits you with a +1 sacred scourge of holy wrath!
Your body deteriorates!
You feel weakened.
The angel hits you with a +1 sacred scourge of holy wrath.
The angel hits you with a +1 sacred scourge of holy wrath!
The angel hits you with a +1 sacred scourge of holy wrath!!
You die...

.## ## .# ...##..
##.# ..#..#. #..#
#. #..... #..#.
.. ##.....
........
#...#..##.#....
#.....@..#..
#....#A.#.#
#...#....#
#......#.##
#...#..#...##
.#...#.#....#
#.......∩#.......
..#..#..#.#..#.
#......#....#..


You could see an angel.

Vanquished Creatures
  A phantom (D:5)
  An orc priest (D:3)
  A hound (D:4)
  Jessica (D:3)
  An iguana (D:4)
  2 orc wizards (D:3)
  4 gnolls (D:5)
  5 adders
  A worm (D:2)
  2 dart slugs
  9 orcs
  6 ball pythons
  8 endoplasms
  4 giant cockroaches
  6 goblins
  3 hobgoblins
  10 jackals
  3 quokkas
  9 bats
  13 frilled lizards
  6 kobolds
  9 rats
105 creatures vanquished.

Vanquished Creatures (others)
  8 plants (D:3)
8 creatures vanquished.

Grand Total: 113 creatures vanquished

Notes
Turn   | Place    | Note
-------+----------+-------------------------------------------
     0 | D:1      | workbot the Minotaur Hunter began the quest for the Orb.
     0 | D:1      | Reached XP level 1. HP: 18/18 MP: 0/0
    68 | D:1      | Reached XP level 2. HP: 25/25 MP: 1/1
   158 | D:1      | Reached skill level 5 in Ranged Weapons
   335 | D:1      | Reached XP level 3. HP: 29/31 MP: 2/2
   803 | D:2      | Found a faded altar of an unknown god.
   813 | D:2      | Prayed at the altar of an unknown god.
   813 | D:2      | Became a worshipper of Makhleb the Destroyer
   813 | D:2      | Reached * piety under Makhleb
   974 | D:2      | Reached XP level 4. HP: 38/38 MP: 3/3
  1169 | D:2      | Reached ** piety under Makhleb
  1690 | D:3      | Reached skill level 6 in Ranged Weapons
  1710 | D:3      | Reached XP level 5. HP: 39/46 MP: 4/4
  1839 | D:3      | Noticed Jessica
  1864 | D:3      | Killed Jessica
  2458 | D:3      | Reached skill level 7 in Ranged Weapons
  2800 | D:4      | Reached XP level 6. HP: 40/55 MP: 5/5
  2889 | D:4      | You fall into a shaft and drop 1 floor!
  2889 | D:5      | Entered Level 5 of the Dungeon
  2903 | D:5      | Reached skill level 5 in Fighting
  2950 | D:5      | Reached *** piety under Makhleb
  2961 | Abyss:1  | Cast into level 1 of the Abyss (orc)
  3009 | Abyss:1  | Noticed a wretched star
  3059 | Abyss:2  | Noticed an angel
  3067 | Abyss:2  | Slain by an angel

Illustrated notes

Levels and vault maps discovered:
D:1:      dpeg_arrival_stone_temple_mockup, layout_rooms, supply_closet_lemuel,
          minmay_hedge_maze
D:2:      layout_loops_cross, ebering_ecumenical_altar_rust,
          chequers_serial_rivers_micro_a
D:3:      layout_basic, minmay_lizard_king, uniq_jessica
D:4:      layout_loops_ring, nicolae_uskayaw_murder_on_the_dancefloor,
          minmay_temple_entry_glassed_door
D:5:      layout_basic, okawaru_metal_pillars_1_2, nicolae_figureground_sparkle,
          uniq_menkaure, uniq_duvessa, uniq_ijyb
Abyss:2:  base: D:1, spicy_abyss_unhelpful_harpoons

Skill      XL: |  1  2  3  4  5  6 |
---------------+-------------------+-----
Fighting       | 3 4 5 |  5.3
Ranged Weapons | 5 6 7 |  7.6
Dodging        | |  2.1
Stealth        | |  0.7

Action                     |  1- 3 |  4- 6 || total
---------------------------+-------+-------++-------
  Melee: Shortbow          |       |     3 ||     3
   Fire: Shortbow          |   108 |   210 ||   318
    Use: Scroll            |     2 |     8 ||    10
         Potion            |     2 |     1 ||     3
 Armour: Leather armour    |     5 |       ||     5
         Chain mail        |     5 |   117 ||   122
  Dodge: Dodged            |    27 |    55 ||    82
